 Dungeon Crawl Stone Soup version 0.27.1-2-g3b301248ec (webtiles) character file.

Game seed: 2507552910985660745

14 karkarkar the Skirmisher (level 2, 5/27 HPs)
             Began as a Minotaur Berserker on Oct 1, 2021.
             Was a Follower of Trog.
             Quit the game on level 2 of the Dungeon.
             The game lasted 00:03:00 (914 turns).

karkarkar the Skirmisher (Minotaur Berserker)        Turns: 914, Time: 00:03:00

Health: 5/27       AC:  2    Str: 21    XL:     2   Next: 31%
Magic:  1/1        EV: 12    Int:  4    God:    Trog [*.....]
Gold:   27         SH:  0    Dex:  9    Spells: 1/1 levels left

rFire    . . .     SeeInvis .   a - +0 hand axe
rCold    . . .     Faith    .   (no shield)
rNeg     . . .     Spirit   .   b - +0 animal skin
rPois    .         Reflect  .   (helmet restricted)
rElec    .         Harm     .   (no cloak)
rCorr    .         Rampage  .   (no gloves)
Will     .....                  (no boots)
Stlth    +.........             (no amulet)
HPRegen  0.09/turn              (no ring)
MPRegen  0.07/turn              (no ring)

@: lethally poisoned (5 -> -6)
A: horns 2, retaliatory headbutt
a: Renounce Religion, Berserk


You were on level 2 of the Dungeon.
You worshipped Trog.
Trog was aware of your devotion.
You visited 1 branch of the dungeon, and saw 2 of its levels.

You collected 27 gold pieces.

Inventory:

Hand Weapons
 a - a +0 hand axe (weapon)
Armour
 b - a +0 animal skin (worn)
Scrolls
 c - a scroll of immolation {unknown}
 d - a scroll of teleportation
 g - a scroll of identify {unknown}
Potions
 e - a potion of haste {unknown}
 f - 3 potions of curing {unknown}
 h - a potion of heal wounds {unknown}


   Skills:
 + Level 4.0 Fighting
 + Level 4.0 Axes
 + Level 2.7 Armour
 - Level 2.2 Dodging


You had one spell level left.
You didn't know any spells.
Your spell library was empty.

Dungeon Overview and Level Annotations

Branches:
Dungeon (2/15)

Altars:


Innate Abilities, Weirdness & Mutations

You have a pair of horns on your head.
You reflexively headbutt those who attack you in melee.


Message History

You kill the giant cockroach!
Trog accepts your kill.
Your Axes skill increases to level 4!
No target in view!
No target in view!
Found a whip.
No target in view!
A rat comes into view.
A worm comes into view.
The rat bites you.
You slash the rat!
You kill the rat!
Trog accepts your kill.
No target in view!
No target in view!
A bat comes into view.
A hobgoblin comes into view. 2 goblins and a kobold come into view.
The kobold is wielding a +1 whip of venom.
The goblin shouts!
The kobold shouts!
A goblin comes into view. It is wielding a +0 club. x2
The bat hits you. The worm bites you!
The goblin moves out of view.
The goblin shouts! x2
You slash the bat!
You kill the bat!
Trog accepts your kill.
You hit the worm but do no damage.
You hear a shout! x2
You hit the worm. You headbutt the worm!
The worm is severely wounded.
You hear a shout!
A hobgoblin comes into view.
The goblin unwields a +0 club.
The goblin wields a +0 hunting sling.
The goblin shoots a stone.
The stone hits you. The worm bites you!
* * * LOW HITPOINT WARNING * * *
You see here a rat corpse.
The kobold hits you but does no damage.
You are lethally poisoned!
Unknown command.
Are you sure you want to abandon this character and quit the game? (Confirm with "yes".)

...... #.##.# ##+## .#
#.##.# #...##.# ## #.##.#
#...##.# .# #.##.#
#...##.# .####.##.#
#...##.# #
.##.#.##.###...##.##.##.
.##.#...............)....#
.##.#.##.####...@.##.# ..#
.##.#.##.# #..#K..#.##..#
.##.#.##.# #..##g........
.........####..##..#..#..#
.##.#............gw#......
.##............#.g.†......
.####.##.####..#...#......
.# ...........g..........
## #..#.#####....##......


You could see a worm, a hobgoblin, 2 goblins and a kobold.

Vanquished Creatures
  A ball python (D:1)
  2 bats
  An endoplasm (D:1)
  2 giant cockroaches
  A goblin (D:1)
  A hobgoblin (D:1)
  2 kobolds (D:1)
  A quokka (D:1)
  A rat (D:2)
12 creatures vanquished.

Notes
Turn   | Place    | Note
-------+----------+-------------------------------------------
     0 | D:1      | karkarkar the Minotaur Berserker began the quest for the
                  | Orb.
     0 | D:1      | Reached XP level 1. HP: 19/19 MP: 0/0
   151 | D:1      | Found a faded altar of an unknown god.
   215 | D:1      | Reached XP level 2. HP: 25/27 MP: 1/1
   914 | D:2      | Quit the game

Illustrated notes

Levels and vault maps discovered:
D:1:      psy_arrival_radial02, layout_loops_ring,
          hellmonk_ecumenical_altar_inner_sanctum
D:2:      layout_basic, basic_altar, uniq_robin

Skill      XL: |  1  2 |
---------------+-------+-----
Fighting       | 4 |  4.0
Axes           | 4 |  4.0
Armour         | |  2.7
Dodging        | |  2.2

Action                   || total
-------------------------++-------
Melee: Hand axe          ||    16
       Headbutt          ||     3
  Use: Scroll            ||     1
 Stab: Sleeping          ||     1
Armor: Animal skin       ||     6
Dodge: Dodged            ||     5
